Map: Hard Lead LE

Players

ohmygodism - Winner!

  • Race: Terran Terran
  • Spawn Location: 11:00

Boswell

  • Race: Zerg Zerg
  • League: Platinum
  • Spawn Location: 5:00

VOD

Have the link to the VOD?

Description

Time

  • Played on: March 14, 2024, 4:58 a.m.
  • Length: 13:15
Show
View Real Time Build Order
Export as new Build Order

ohmygodism Terran - Winner!

Build Orders: 2 Factory 

Get SALT Encoding   

  12  0:01  SCV  
  13  0:13  SCV  
  14  0:22  Supply Depot  
  14  0:26  SCV  
  15  0:35  Refinery  
  15  0:44  Barracks  
  15  0:47  SCV  
  16  0:56  Supply Depot  
  16  1:01  SCV  
  17  1:29  Barracks  
  17  1:31  SCV  
  18  1:34  Marine  
  19  1:43  SCV  
  20  1:51  Marine  
  21  1:59  Bunker  
  21  2:01  Bunker  
  21  2:07  Factory  
  21  2:09  Marine  
  21  2:13  SCV  
  23  2:16  Supply Depot  
  23  2:35  Barracks  
  23  2:48  SCV  
  24  2:51  Marine  
  25  3:04  Factory Reactor  
  25  3:08  Factory  
  25  3:10  Marine  
  26  3:23  Marine  
  27  3:36  Marine  
  28  3:41  Marine  
  28  3:47  Hellion  
  31  3:54  Supply Depot x2  
  30  4:16  Hellion x2  
  30  4:17  Command Center  
  34  4:20  Hellion  
  36  5:08  Marine  
  36  5:09  Marine  
  38  5:14  Factory Tech Lab  
  38  5:26  Marine  
  38  5:27  Marine, Starport  
  39  5:45  Marine  
  39  5:48  Siege Tank  
  46  5:50  Hellion x2, Infernal Pre-Igniter  
  46  5:58  Marine  
  46  6:00  Barracks  
  46  6:03  Liberator  
  50  6:13  Hellion x2  
  50  6:16  Marine  
  55  6:23  Armory  
  55  6:34  Marine  
  56  6:47  SCV  
  56  6:51  Marine  
  57  6:59  Supply Depot, SCV  
  54  7:11  SCV  
  55  7:22  Supply Depot  
  55  7:26  Marine x2  
  55  7:29  Siege Tank  
  60  7:30  Hellion x2  
  64  7:44  Marine x2  
  66  8:01  Marine  
  63  8:30  Marine x2  
  63  8:48  Marine x2  
  57  9:05  Marine  
  57  9:06  Marine  
  47  9:57  Liberator  
  47  9:59  Hellion x2  
  56  10:00  Hellion  
  56  10:05  Refinery  
  56  10:07  SCV  
  56  10:09  Supply Depot  
  57  10:14  Refinery  
  57  10:17  Refinery  
  57  10:20  SCV  
  57  10:21  Siege Tank, Hellion, Marine x2  
  63  10:32  SCV  
  63  10:33  Bunker  
  64  10:38  Marine  
  64  10:39  Marine  
  64  10:40  Liberator  
  66  10:56  Marine x2  
  68  11:23  Liberator  
  71  11:33  Marine x2  
  74  11:40  SCV  
  74  11:44  Marine x2  
  76  11:48  Siege Tank, Hellion x2  
  76  11:51  Marine x2  
  76  11:52  SCV  
  85  12:02  Marine  
Show
View Real Time Build Order
Export as new Build Order

Boswell Zerg 

Build Orders: Hatch First 

Get SALT Encoding   

  12  0:00  Drone  
  13  0:12  Overlord  
  13  0:16  Drone  
  14  0:31  Drone x2  
  14  0:34  Drone  
  17  0:57  Drone x2  
  19  1:04  Hatchery  
  19  1:07  Drone  
  19  1:13  Extractor  
  19  1:17  Spawning Pool  
  17  1:21  Drone  
  18  1:29  Drone  
  19  1:39  Overlord  
  19  1:52  Drone  
  20  2:08  Queen  
  22  2:09  Zergling x2  
  22  2:12  Zergling x2  
  22  2:15  Metabolic Boost  
  24  2:40  Spine Crawler  
  24  2:41  Spine Crawler  
  22  2:56  Drone x3, Roach Warren  
  24  3:01  Extractor  
  23  3:07  Drone  
  24  3:30  Queen  
  24  3:32  Spine Crawler  
  25  3:37  Roach x4  
  25  3:38  Hatchery  
  32  3:48  Overlord  
  32  4:07  Hatchery  
  31  4:18  Queen  
  31  4:20  Roach x2  
  31  4:22  Drone  
  38  4:38  Overlord  
  38  4:39  Overlord  
  37  4:54  Roach x2  
  37  4:55  Roach  
  42  5:12  Roach x3  
  48  5:19  Queen  
  48  5:21  Drone x2  
  52  5:46  Drone x4  
  56  5:51  Drone  
  57  6:00  Lair  
  57  6:03  Drone x5  
  62  6:12  Zergling x2  
  63  6:20  Drone x3  
  63  6:21  Overlord  
  66  6:41  Drone x8  
  74  6:58  Hatchery  
  69  7:23  Spore Crawler  
  69  7:29  Roach x3  
  74  7:31  Overlord x6  
  74  7:47  Spore Crawler  
  74  7:49  Queen  
  75  7:51  Drone x4  
  75  7:52  Drone x4  
  75  7:53  Zergling x12  
  86  8:14  Roach x9  
  102  8:22  Roach  
  102  8:36  Extractor  
  102  8:37  Extractor  
  54  8:57  Zergling x10  
  54  8:58  Zergling x18  
  68  9:09  Roach x3  
  67  9:10  Roach  
  67  9:15  Zergling x2  
  57  9:23  Zergling x10  
  52  9:29  Roach  
  50  9:49  Roach x2  
  50  9:52  Zergling x6  
  54  10:02  Spine Crawler  
  54  10:03  Spine Crawler  
  54  10:04  Zergling x8  
  54  10:06  Spine Crawler  
  55  10:10  Drone  
  56  10:21  Drone x2  
  56  10:26  Drone  
  55  10:29  Drone  
  52  10:46  Spine Crawler  
  51  10:55  Spore Crawler  
  50  10:59  Drone x2  
  50  11:01  Spore Crawler  
  50  11:02  Drone  
  52  11:23  Spore Crawler  
  51  11:25  Zergling x2, Spine Crawler  
  51  11:26  Zergling x2  
  51  11:28  Drone  
  51  11:30  Drone  
  54  11:39  Spine Crawler  
  46  12:07  Zergling x16  
  52  12:26  Ravager  
  52  12:27  Ravager  
  52  12:33  Baneling Nest  
  52  12:34  Roach  
  52  12:36  Ravager x3  
  56  12:39  Ravager  
Tags
 
Add a new tag
Caveats
  • Supply blocks, unpowered buildings, or Contaminate may cause inaccurate times.
  • Supply counts are checked every 10 seconds.